 Dungeon Crawl Stone Soup version 0.29.1-4-g47bece8355 (webtiles) character file.

Game seed: 7550971175727140203

448 safid the Shooter (level 6, -8/54 (58) HPs)
             Began as a Minotaur Hunter on Dec 6, 2022.
             Was an Initiate of Okawaru.
             Mangled by a wight
             ... wielding a +0 battleaxe
              (14 damage)
             ... on level 4 of the Dungeon.
             The game lasted 00:03:36 (3686 turns).

safid the Shooter (Minotaur Hunter)                 Turns: 3686, Time: 00:03:37

HP:   -8/54 (58)    AC:  3    Str: 15    XL:     6   Next: 73%
MP:   5/5           EV: 12    Int:  6    God:    Okawaru [......]
Gold: 230           SH:  0    Dex: 16    Spells: 5/5 levels left

rFire   . . .      SeeInvis +   a - +0 shortbow
rCold   + . .      Faith    .   (shield currently unavailable)
rNeg    . . .      Spirit   .   c - +0 leather armour
rPois   .          Reflect  .   (helmet restricted)
rElec   .          Harm     .   (no cloak)
rCorr   .          Rampage  .   (no gloves)
Will    .....                   (no boots)
Stlth   +.........              (no amulet)
HPRegen 0.18/turn               n - ring of see invisible
MPRegen 0.09/turn               s - ring of protection from cold

@: drained
A: horns 2, retaliatory headbutt
a: Renounce Religion


You were on level 4 of the Dungeon.
You worshipped Okawaru.
Okawaru was noncommittal.
You visited 1 branch of the dungeon, and saw 4 of its levels.

You collected 230 gold pieces.

Inventory:

Hand Weapons
 a - a +0 shortbow (weapon)
Missiles
 k - 2 throwing nets
Armour
 c - a +0 leather armour (worn)
Jewellery
 n - a ring of see invisible (left hand)
 s - a ring of protection from cold (right hand)
 w - a ring of protection from cold
Wands
 q - a wand of mindburst (18)
 r - a wand of flame (9)
 v - a wand of polymorph (6)
 x - a wand of acid (4)
Scrolls
 b - 3 scrolls of immolation
 d - a scroll of enchant weapon {unknown}
 f - 2 scrolls of magic mapping {unknown}
 g - a scroll of noise {unknown}
 h - 5 scrolls of identify {unknown}
 j - 2 scrolls of butterflies {unknown}
 l - a scroll of fear {unknown}
 p - a scroll of summoning {unknown}
 u - a scroll of torment {unknown}
Potions
 e - a potion of haste {unknown}
 i - a potion of curing {unknown}
 m - a potion of might {unknown}
 o - a potion of flight {unknown}
 t - a potion of berserk rage {unknown}


   Skills:
 + Level 6.4 Fighting
 + Level 7.0 Ranged Weapons
 - Level 2.1 Dodging
 - Level 0.7 Stealth


You had 5 spell levels left.
You didn't know any spells.
Your spell library was empty.

Dungeon Overview and Level Annotations

Branches:
Dungeon (4/15)
 Temple: D:4-7

Altars:
Cheibriados
Fedhas
Makhleb
Nemelex Xobeh
Okawaru
Sif Muna
Trog
Wu Jian
Yredelemnul


Innate Abilities, Weirdness & Mutations

You have a pair of horns on your head.
You reflexively headbutt those who attack you in melee.


Message History

You are too injured to fight recklessly!
You are too injured to fight recklessly!
You are too injured to fight recklessly!
You are too injured to fight recklessly!
You are too injured to fight recklessly!
You are too injured to fight recklessly!
You are too injured to fight recklessly!
You are too injured to fight recklessly!
You are too injured to fight recklessly!
You are too injured to fight recklessly!
You are too injured to fight recklessly!
You are too injured to fight recklessly!
You are too injured to fight recklessly!
You are too injured to fight recklessly!
You are too injured to fight recklessly!
You are too injured to fight recklessly!
You are too injured to fight recklessly!
You are too injured to fight recklessly!
You are too injured to fight recklessly!
Unknown command.
Fire: a) +0 shortbow
Press: ? - help, Q - select action, (/) - cycle Shift-Dir - straight line, f/p - wight
Aim: a wight, wielding a +0 battleaxe and wearing a +0 robe (heavily damaged, 66% to hit)
You shoot an arrow. The arrow completely misses the wight.
The wight hits you with a +0 battleaxe!
* * * LOW HITPOINT WARNING * * *
You feel drained.
* * * LOW HITPOINT WARNING * * *
Fire: a) +0 shortbow
Press: ? - help, Q - select action, (/) - cycle Shift-Dir - straight line, f/p - wight
Aim: a wight, wielding a +0 battleaxe and wearing a +0 robe (heavily damaged, 66% to hit)
You shoot an arrow. The arrow hits the wight.
The wight is severely damaged.
The wight closely misses you. You furiously retaliate!
You headbutt the wight.
Fire: a) +0 shortbow
Press: ? - help, Q - select action, (/) - cycle Shift-Dir - straight line, f/p - wight
Aim: a wight, wielding a +0 battleaxe and wearing a +0 robe (severely damaged, 66% to hit)
You shoot an arrow. The arrow closely misses the wight.
The wight hits you with a +0 battleaxe!
You die...

####### #.....# #.#...#
###############.#.######
......z@)).............>
###############.#..####.
#.#..# #. #....# #.
#######.## #. #...# #.#
#. #...# #.# #. #...#
#.# #. #..(# #.# #.


You could see a wight.

Vanquished Creatures
  An ogre (D:4)
  3 wights (D:4)
  6 gnolls
  7 adders
  3 worms
  2 dart slugs
  6 orcs
  5 bats
  7 endoplasms
  3 giant cockroaches
  5 goblins
  5 hobgoblins
  3 jackals (D:3)
  3 quokkas
  8 ball pythons
  2 frilled lizards (D:1)
  6 kobolds
  3 rats (D:1)
78 creatures vanquished.

Notes
Turn   | Place    | Note
-------+----------+-------------------------------------------
     0 | D:1      | safid the Minotaur Hunter began the quest for the Orb.
     0 | D:1      | Reached XP level 1. HP: 18/18 MP: 0/0
    53 | D:1      | Reached XP level 2. HP: 14/25 MP: 1/1
   516 | D:1      | Found a faded altar of an unknown god.
   680 | D:2      | Reached skill level 5 in Ranged Weapons
   680 | D:2      | Reached XP level 3. HP: 31/31 MP: 2/2
   885 | D:2      | Reached XP level 4. HP: 40/40 MP: 3/3
  1836 | D:3      | Found an iron altar of Okawaru.
  1896 | D:3      | Became a worshipper of Warmaster Okawaru
  2046 | D:3      | Reached XP level 5. HP: 45/47 MP: 4/4
  2187 | D:3      | Found a blossoming altar of Fedhas.
  2196 | D:3      | Found a bloodstained altar of Trog.
  2202 | D:3      | Found a burning altar of Makhleb.
  2209 | D:3      | Found a shimmering blue altar of Sif Muna.
  2215 | D:3      | Found a basalt altar of Yredelemnul.
  2239 | D:3      | Found an ornate altar of the Wu Jian Council.
  2249 | D:3      | Found a sparkling altar of Nemelex Xobeh.
  2310 | D:3      | Reached skill level 5 in Fighting
  2310 | D:3      | Reached skill level 6 in Ranged Weapons
  2518 | D:3      | Found a snail-covered altar of Cheibriados.
  2611 | D:4      | Noticed an ogre
  2622 | D:4      | Killed an ogre
  3016 | D:4      | Reached XP level 6. HP: 56/56 MP: 5/5
  3682 | D:4      | Reached skill level 7 in Ranged Weapons
  3686 | D:4      | Mangled by a wight

Illustrated notes

Levels and vault maps discovered:
D:1:      nzn_arrival_water_spiral, layout_rooms,
          shapermc_ecumenical_altar_mp_vishouse
D:2:      layout_rooms
D:3:      layout_loops_ring, overflow_temple_1_default,
          lemuel_coloured_pillars_altar, grunt_temple_overflow_octagram
D:4:      layout_basic, kennysheep_small_square

Skill      XL: |  1  2  3  4  5  6 |
---------------+-------------------+-----
Fighting       | 3 4 5 6 |  6.4
Ranged Weapons | 5 6 7 |  7.0
Dodging        | |  2.1
Stealth        | |  0.7

Action                   |  1- 3 |  4- 6 || total
-------------------------+-------+-------++-------
 Fire: Shortbow          |    72 |   180 ||   252
Armor: Leather armour    |     4 |    15 ||    19
Dodge: Dodged            |    11 |    45 ||    56
